 Dungeon Crawl Stone Soup version 0.24.0-13-gcf9b319 (webtiles) character file.

Game seed: 181633975121155249, levelgen mode: deterministic

38 EndlessMike the Skirmisher (level 3, -7/30 HPs)
             Began as a Demonspawn Wanderer on Apr 12, 2020.
             Killed by nerve-wracking pain
             ... invoked by an orc priest
              (10 damage)
             ... on level 3 of the Dungeon.
             The game lasted 00:02:25 (1135 turns).

EndlessMike the Skirmisher (Demonspawn Wanderer)    Turns: 1135, Time: 00:02:26

Health: -7/30      AC:  8    Str: 12    XL:     3   Next: 25%
Magic:  3/3        EV:  6    Int: 16    God:
Gold:   80         SH:  3    Dex: 10    Spells: 2/2 levels left

rFire    + . .     SeeInvis +   a - +2 dagger
rCold    + . .     Gourm    .   (no shield)
rNeg     . . .     Faith    .   p - +0 chain mail
rPois    .         Spirit   .   (no helmet)
rElec    .         Reflect  +   l - scarf {rC+ rF+}
rCorr    .         Harm     .   (no gloves)
MR       .....                  (no boots)
Stlth    ..........             j - +3 amulet of reflection
HPRegen  0.10/turn              k - ring of see invisible
MPRegen  0.08/turn              (no ring)

@: flying
A: demonic guardian 1
a: no special abilities


You were on level 3 of the Dungeon.
You were not hungry.

You visited 1 branch of the dungeon, and saw 4 of its levels.

You collected 80 gold pieces.

Inventory:

Hand Weapons
 a - a +2 dagger (weapon)
 c - a +0 short sword
Missiles
 b - 2 curare-tipped darts
 n - 6 poisoned darts (quivered)
Armour
 e - a +0 robe
 l - a scarf of resistance (worn)
 p - a +0 chain mail (worn)
Jewellery
 j - a +3 amulet of reflection (around neck)
 k - a ring of see invisible (left hand)
Scrolls
 d - a scroll of teleportation
 m - 4 scrolls of identify {unknown}
Comestibles
 f - 3 rations


   Skills:
 + Level 3.7 Fighting
 - Level 1.7 Throwing
 - Level 3.6 Dodging
 - Level 1.0 Stealth
 - Level 1.0 Unarmed Combat


You had 2 spell levels left.
You didn't know any spells.
Your spell library was empty.

Dungeon Overview and Level Annotations

Branches:
Dungeon (4/15)
 Temple: D:4-7

Altars:


Innate Abilities, Weirdness & Mutations

A weak demonic guardian rushes to your aid.


Message History

You feel aware of your surroundings.
It was a scroll of magic mapping.
You aren't carrying any potions.
As you read the scroll labeled ZUR PIODI, it crumbles to dust.
You feel blessed for a moment.
It was a scroll of remove curse.
The orc priest hits you but does no damage.
As you read the scroll labeled FIRIMI HIJOX, it crumbles to dust.
The dust glows pulsating green!
It was a scroll of random uselessness.
The orc priest hits you with a cursed +0 club.
* * * LOW HITPOINT WARNING * * *
You aren't carrying any potions.
Your chain mail prevents you from hitting the orc priest.
The orc priest barely misses you.
You hit the orc priest.
The orc priest is lightly wounded.
The orc priest hits you but does no damage.
You hit the orc priest.
The orc priest is lightly wounded.
The orc priest invokes the aid of Beogh against you.
Pain shoots through your body!
You die...

******,#.#.##.####.[..#####
*,#,#.#...###........#
*,#.#...#..#...#####.#
******,#....###....## #.*
,,,,,,,###...#..#.## #.*
,****,,###.#...##.#######.##
,* *......................#
,* *#.###....##o.<######..#
,*****,* ####.##@..###
#..###### ,,,,,,,*
#.##.....# #..g.....
,******* ***#.##.รท##.#
##.###### ,*** *,,.#.#..##.#
#.# # ,,,* *,*#,##..##.# #.#
# **,* *.#####..##.# #.# #
*,* *.........#.#####.# #
*,* ***######....#......# #
**,*****,,.........#.#######
#


You could see an orc priest.

Vanquished Creatures
  An adder (D:3)
  A dart slug (D:1)
  An orc (D:3)
  A ball python (D:2)
  3 bats
  5 goblins
  4 hobgoblins
  3 kobolds
  A frilled lizard (D:3)
  A leopard gecko skeleton (D:4)
  2 rats
23 creatures vanquished.

Notes
Turn   | Place    | Note
-------+----------+-------------------------------------------
     0 | D:1      | EndlessMike the Demonspawn Wanderer began the quest for the
                  | Orb.
     0 | D:1      | EndlessMike set off with the following items: a +2 dagger,
                  | 2 curare-tipped darts, a +0 short sword, a scroll of
                  | teleportation, a +0 robe, a ration
     0 | D:1      | Reached XP level 1. HP: 16/16 MP: 1/1
   170 | D:1      | Gained mutation: A weak demonic guardian rushes to your
                  | aid. [demonic ancestry]
   170 | D:1      | Reached XP level 2. HP: 23/23 MP: 2/2
   709 | D:4      | Noticed a scorpion
  1036 | D:3      | Reached XP level 3. HP: 24/29 MP: 3/3
  1135 | D:3      | Killed from afar by an orc priest

Levels and vault maps discovered:
D:1:      ncdulo_lavacross, layout_loops_corners
D:2:      layout_loops_ring, minmay_pentomino_v4, uniq_jessica, uniq_robin
D:3:      layout_loops_ring, gammafunk_ghost_smash, minmay_increasing_density
D:4:      layout_basic, hangedman_feature_mirror

Skill      XL: |  1  2 |
---------------+-------+-----
Fighting       | 3 |  3.7
Throwing       | |  1.7
Dodging        | |  3.6
Stealth        | |  1.0
Unarmed Combat | |  1.0

Action                   || total
-------------------------++-------
Melee: Dagger            ||    83
Throw: Dart              ||     1
  Use: Scroll            ||     3
       Potion            ||     1
 Stab: Sleeping          ||     1
  Eat: Chunk             ||     1
Armor: Robe              ||     8
       Chain mail        ||     4
Dodge: Dodged            ||    41
Block: Other             ||     2
